 Dungeon Crawl Stone Soup version 0.30-a0-718-geaa24f58ff (webtiles) character file.

Game seed: 3019751843496009918

369 Absynth the Magician (level 6, -21/48 HPs)
             Began as a Deep Elf Air Elementalist on Jan 26, 2023.
             Was a Follower of Vehumet.
             Demolished by an ogre
             ... wielding a +0 giant club
              (23 damage)
             ... on level 4 of the Dungeon.
             The game lasted 00:11:06 (4114 turns).

Absynth the Magician (Deep Elf Air Elementalist)    Turns: 4114, Time: 00:11:07

Health: -21/48     AC: 23    Str:  5    XL:     6   Next: 41%
Magic:  1/25       EV:  2    Int: 22    God:    Vehumet [*.....]
Gold:   241        SH:  0    Dex: 15    Spells: 10/16 levels left

rFire   . . .      SeeInvis .    x - +2 dagger (venom)
rCold   . . .      Faith    .    (no shield)
rNeg    . . .      Spirit   .    (body armour currently unavailable)
rPois   +          Reflect  .    (helmet currently unavailable)
rElec   .          Harm     .    (cloak currently unavailable)
rCorr   .          Rampage  .    (gloves currently unavailable)
Will    .....      NoTele   +    (boots currently unavailable)
Stlth   ++                       (no amulet)
HPRegen 0.28/turn                i - ring of magical power
MPRegen 0.19/turn                (no ring)

@: tree-form
A: stationary, stasis, torment immunity, boosted hp
a: Renounce Religion


You were on level 4 of the Dungeon.
You worshipped Vehumet.
Vehumet was aware of your devotion.
You were a tree.
You visited 1 branch of the dungeon, and saw 4 of its levels.

You collected 241 gold pieces.

Inventory:

Hand Weapons
 x - a +2 dagger of venom (weapon)
Missiles
 o - 2 atropa-tipped darts
Armour
 a - a +0 robe (melded)
 g - a scarf of repulsion (melded)
Jewellery
 i - a ring of magical power (left branch)
 A - an amulet of regeneration
Wands
 w - a wand of quicksilver (12)
Scrolls
 c - 2 scrolls of immolation {unknown}
 d - a scroll of amnesia {unknown}
 e - a scroll of vulnerability {unknown}
 f - 5 scrolls of identify {unknown}
 h - 2 scrolls of blinking {unknown}
 k - a scroll of fog {unknown}
 l - a scroll of noise {unknown}
 q - a scroll of enchant armour {unknown}
 s - a scroll of torment {unknown}
 t - a scroll of magic mapping {unknown}
 u - a scroll of teleportation {unknown}
 v - a scroll of poison {unknown}
 y - a scroll of fear {unknown}
Potions
 b - 3 potions of magic
 j - 2 potions of might {unknown}
 m - 2 potions of lignification
 n - 2 potions of flight {unknown}
 p - a potion of mutation {unknown}
 r - 2 potions of attraction {unknown}
 z - a potion of haste {unknown}


   Skills:
 - Level 2.4 Dodging
 - Level 2.4 Stealth
 + Level 5.7 Spellcasting
 + Level 4.2 Conjurations
 + Level 4.8 Air Magic


You had 10 spell levels left.
You knew the following spells:

 Your Spells              Type           Power      Damage    Failure   Level
a - Shock                 Conj/Air       100%       1d9       1%          1
s - Static Discharge      Conj/Air       52%        2-5/arc   2%          2
x - Swiftness             Air            27%        N/A       3%          3

Your spell library contained the following spells:

 Spells                   Type           Power      Damage    Failure   Level
 Foxfire                  Conj/Fire      60%        2x1d7     4%          1
 Airstrike                Air            13%        2d(2-18)  13%         4


Dungeon Overview and Level Annotations

Branches:
Dungeon (4/15)
 Temple: D:4-7

Altars:
Vehumet

Shops:
D:3 [


Message History

Press: ? - help, Q - select action, (/) - cycle Shift-Dir - straight line, f/p - centaur
Aim: a centaur, wielding a +0 shortbow and wearing a +6 ring of strength (moderately wounded, unusually resistant, 84% to hit)
The zap hits the centaur.
The centaur resists.
The centaur is moderately wounded.
The centaur unwields a +0 shortbow.
The centaur hits you but does no damage.
The centaur kicks you but does no damage.
You hit the centaur.
The centaur is heavily wounded.
The centaur barely misses you.
The centaur kicks you but does no damage.
The centaur hits you.
* * * LOW HITPOINT WARNING * * *
The centaur kicks you but does no damage.
You hit the centaur but do no damage.
The centaur is heavily wounded.
The centaur hits you but does no damage.
The centaur kicks you but does no damage.
An ogre comes into view. It is wielding a +0 giant club.
You completely miss the centaur.
The centaur is heavily wounded.
The centaur hits you.
* * * LOW HITPOINT WARNING * * *
The centaur kicks you but does no damage.
The centaur hits you but does no damage.
The centaur kicks you but does no damage.
You hit the centaur but do no damage.
The centaur is heavily wounded.
The centaur hits you but does no damage.
The centaur kicks you but does no damage.
The ogre hits you with a +0 giant club.
* * * LOW HITPOINT WARNING * * *
You hit the centaur.
The centaur is heavily wounded.
The centaur barely misses you.
The centaur kicks you but does no damage.
The centaur hits you but does no damage.
The centaur kicks you but does no damage.
The ogre hits you with a +0 giant club!!
You die...

### .# #### #.##
#.####..## ##.##
#.......#### ##.#
#..........# ##.#
##.........##
##..#
#..##..O♣c..##
#..##
#..##..####.)#
).## #.#.....#
#)..# .##
#..#####..)†...).
## #.##
#.......## # #.#
†.####..# # #.#
(### #.# # #.# Bg
.# # #.## [. #


You could see an ogre and a centaur (resistant).

Vanquished Creatures
  3 scorpions (D:4)
  A hound (D:4)
  An iguana (D:4)
  A gnoll (D:4)
  4 adders
  3 dart slugs
  2 orcs (D:4)
  7 ball pythons
  6 endoplasms
  2 giant cockroaches
  14 goblins
  9 hobgoblins
  9 jackals
  10 kobolds
  2 quokkas
  5 bats
  A frilled lizard (D:3)
  4 rats
84 creatures vanquished.

Notes
Turn   | Place    | Note
-------+----------+-------------------------------------------
     0 | D:1      | Absynth the Deep Elf Air Elementalist began the quest for
                  | the Orb.
     0 | D:1      | Reached XP level 1. HP: 10/10 MP: 6/6
   307 | D:1      | Reached XP level 2. HP: 15/15 MP: 4/8
   894 | D:1      | Reached XP level 3. HP: 19/19 MP: 6/10
   949 | D:1      | Learned a level 2 spell: Static Discharge
   953 | D:1      | Learned a level 3 spell: Swiftness
  1627 | D:2      | Reached skill level 4 in Spellcasting
  2052 | D:2      | Found a faded altar of an unknown god.
  2207 | D:3      | Found a radiant altar of Vehumet.
  2228 | D:3      | Became a worshipper of Vehumet
  2410 | D:3      | Reached XP level 4. HP: 24/24 MP: 12/12
  2630 | D:3      | Found Gaazybro's Armour Shoppe.
  3170 | D:4      | Noticed a scorpion
  3178 | D:4      | Killed a scorpion
  3179 | D:4      | Reached XP level 5. HP: 12/28 MP: 9/14
  3475 | D:4      | Reached skill level 5 in Spellcasting
  4082 | D:4      | Reached XP level 6. HP: 32/32 MP: 16/16
  4086 | D:4      | Reached * piety under Vehumet
  4086 | D:4      | Offered knowledge of Foxfire by Vehumet.
  4113 | D:4      | HP: 2/48 [ogre/+0 giant club (4)]
  4114 | D:4      | Demolished by an ogre

Illustrated notes

Levels and vault maps discovered:
D:1:      reono_arrival_forest_river, layout_loops_ring, st_stairs_2,
          minmay_tree_intersection
D:2:      layout_basic, dilly_ecumenical_altar_fadedgnrine, wad_floor_pattern_1
D:3:      layout_basic, overflow_temple_1_default, serial_shops,
          nicolae_diamond_shop, wander_ebering_terrifying_dragon_lair
D:4:      layout_layer_cave, kennysheep_nub, minmay_joined_circles

Skill      XL: |  1  2  3  4  5 |
---------------+----------------+-----
Conjurations   | 2 3 4 |  4.2
Spellcasting   | 4 5 |  5.7
Air Magic      | 4 |  4.8
Dodging        | |  2.4
Stealth        | |  2.4

Action                     |  1- 3 |  4- 6 || total
---------------------------+-------+-------++-------
  Melee: Dagger            |       |     5 ||     5
   Cast: Shock             |    93 |    56 ||   149
         Static Discharge  |     3 |    18 ||    21
         Swiftness         |       |     1 ||     1
    Use: Potion            |       |     1 ||     1
 Armour: Robe              |     2 |     7 ||     9
         Skin              |       |    17 ||    17
  Dodge: Dodged            |     9 |    16 ||    25
         Repelled          |     1 |     1 ||     2

Table legend: (Time is in decaauts)
 A = Elapsed time spent in this place.
 B = Non-inter-level travel time spent in this place.
 C = Inter-level travel time spent in this place.
 D = Time resting spent in this place.
 E = Time spent auto-exploring this place.
 F = Levels seen in this place.
 G = Mean time per level.
                   A        B        C        D        E       F      G
               +--------+--------+--------+--------+--------+-----+--------+
         Total |   4120 |   4038 |     82 |    357 |   3240 |   4 | 1030.0 |
       Dungeon |   4120 |   4038 |     82 |    357 |   3240 |   4 | 1030.0 |
               +--------+--------+--------+--------+--------+-----+--------+

Top non-repeatable levels by time:
     D:1: 1125 daAuts
     D:2: 1078 daAuts
     D:4: 1014 daAuts
     D:3: 901 daAuts
